Map: Darkness Sanctuary LE

Players

Satchko

  • Race: Zerg Zerg
  • League: Diamond
  • Spawn Location: 5:00

Dark - Winner!

  • Race: Terran Terran
  • Spawn Location: 1:00

VOD

Have the link to the VOD?

Description

Time

  • Played on: May 24, 2018, 9:59 p.m.
  • Length: 12:35
Show
View Real Time Build Order
Export as new Build Order

Satchko Zerg 

Build Orders: Hatch First 

Get SALT Encoding   

  12  0:01  Drone  
  13  0:13  Overlord  
  13  0:21  Drone  
  14  0:31  Drone x2  
  14  0:34  Drone  
  17  0:55  Hatchery  
  16  0:57  Drone  
  16  1:00  Drone  
  16  1:03  Extractor  
  17  1:18  Spawning Pool  
  16  1:21  Drone  
  16  1:25  Drone  
  18  1:28  Drone  
  19  1:48  Overlord  
  19  1:57  Drone  
  20  2:04  Metabolic Boost  
  20  2:05  Queen  
  22  2:12  Queen  
  22  2:13  Drone  
  25  2:22  Drone  
  26  2:24  Zergling x2  
  26  2:25  Zergling x2  
  26  2:51  Drone x3  
  26  2:55  Queen  
  26  2:57  Queen  
  32  3:04  Zergling x2  
  34  3:05  Drone  
  34  3:13  Drone  
  35  3:42  Overlord x2  
  35  3:59  Queen  
  35  4:02  Drone x11  
  48  4:11  Drone  
  48  4:12  Drone x2, Extractor  
  50  4:17  Drone  
  50  4:21  Zergling x2  
  50  4:24  Overlord x2  
  51  4:30  Overlord x2  
  51  4:41  Queen  
  51  4:42  Overlord  
  51  4:43  Zergling x8  
  51  4:44  Zergling x2  
  58  4:52  Drone  
  59  4:54  Extractor  
  54  5:25  Zergling x16  
  62  5:28  Lair  
  62  5:32  Roach Warren  
  61  5:49  Hatchery  
  60  6:02  Drone x4  
  60  6:03  Drone  
  65  6:04  Drone x4  
  69  6:17  Roach x5  
  78  6:29  Extractor  
  77  6:37  Spore Crawler  
  77  6:39  Overseer  
  76  6:43  Spore Crawler  
  64  7:12  Drone x8  
  64  7:13  Drone x7  
  75  7:23  Drone x3  
  75  7:26  Drone  
  79  7:31  Queen  
  79  7:32  Queen  
  79  7:34  Drone x8  
  91  7:43  Drone  
  91  7:44  Drone  
  93  7:56  Glial Reconstitution  
  93  7:57  Roach x2  
  93  7:58  Overlord x5  
  97  8:10  Drone  
  97  8:11  Overlord  
  97  8:12  Overlord  
  98  8:13  Extractor  
  98  8:15  Extractor  
  96  8:25  Hydralisk Den  
  95  8:28  Evolution Chamber  
  95  8:29  Evolution Chamber  
  95  8:30  Drone x3  
  96  8:35  Drone x9  
  105  8:46  Drone x4  
  109  8:48  Roach  
  109  8:49  Roach x5  
  109  8:52  Hatchery  
  109  8:54  Muscular Augments  
  109  8:55  Zerg Ground Armor Level 1  
  120  8:59  Hydralisk  
  120  9:00  Roach  
  120  9:01  Roach  
  126  9:10  Overseer  
  126  9:12  Pneumatized Carapace  
  126  9:43  Zerg Missile Weapons Level 1, Hydralisk  
  126  9:44  Hydralisk x13  
  150  10:13  Overlord  
  150  10:14  Overlord x5  
  150  10:22  Overlord x3  
  149  10:39  Roach, Hydralisk x5  
  149  10:40  Roach x6, Hydralisk x3  
  179  10:49  Grooved Spines  
  179  10:51  Hydralisk x3  
  179  10:52  Roach x2  
  179  10:55  Lurker Den  
  180  11:07  Roach, Hydralisk x3  
  180  11:08  Roach x3  
  155  11:21  Hydralisk x2  
  155  11:22  Roach x3, Hydralisk x2  
  100  11:38  Hydralisk x4  
  100  11:39  Roach x4  
  106  11:55  Drone  
  103  12:03  Hydralisk x3  
  103  12:04  Roach x3  
  103  12:05  Hydralisk x2  
  103  12:06  Roach  
Show
View Real Time Build Order
Export as new Build Order

Dark Terran - Winner!

Build Orders: Hellion Banshee, MMM Bio 

Get SALT Encoding   

  12  0:01  SCV  
  13  0:13  SCV  
  14  0:19  Supply Depot  
  14  0:25  SCV  
  14  0:28  Refinery  
  15  0:41  SCV  
  16  0:46  Barracks  
  16  0:53  SCV  
  17  1:05  SCV  
  18  1:17  SCV  
  20  1:36  Orbital Command  
  20  1:37  Reaper  
  20  1:46  Command Center  
  20  2:03  SCV  
  20  2:05  Refinery, Factory  
  21  2:10  Barracks Reactor  
  21  2:15  SCV  
  22  2:27  SCV  
  23  2:31  Supply Depot  
  23  2:53  SCV  
  24  3:02  Orbital Command  
  24  3:05  SCV  
  25  3:07  Starport  
  25  3:08  Hellion x2  
  29  3:17  SCV  
  30  3:27  SCV  
  30  3:29  SCV  
  32  3:39  SCV  
  32  3:43  Hellion  
  32  3:44  Hellion  
  36  3:54  Command Center, SCV  
  37  3:57  Starport Tech Lab  
  37  4:00  SCV  
  38  4:03  Supply Depot  
  38  4:06  SCV  
  38  4:09  Hellion  
  41  4:12  SCV  
  42  4:18  Banshee, Cloaking Field, SCV  
  46  4:30  SCV  
  46  4:31  SCV  
  48  4:34  Supply Depot  
  48  4:37  Hellion x2  
  52  4:45  SCV  
  53  4:51  Barracks x2  
  53  5:05  Banshee  
  53  5:06  Orbital Command  
  56  5:08  SCV x2  
  58  5:20  SCV x2  
  58  5:29  Refinery  
  58  5:30  Refinery  
  58  5:32  Engineering Bay, SCV  
  58  5:34  Engineering Bay  
  59  5:44  Orbital Command  
  59  5:52  Factory Tech Lab  
  59  5:57  Barracks Tech Lab  
  59  5:58  Orbital Command, Barracks Tech Lab  
  59  6:05  Supply Depot  
  59  6:07  Supply Depot  
  59  6:09  SCV x2  
  59  6:10  Terran Infantry Weapons Level 1, Terran Infantry Armor Level 1  
  61  6:13  Starport Reactor  
  61  6:14  Barracks  
  61  6:16  Barracks  
  61  6:30  Marine  
  61  6:31  Marine x3, Combat Shields  
  61  6:32  Stimpack  
  65  6:38  SCV x2  
  67  6:41  Armory  
  67  6:48  Marine x4  
  71  7:11  Medivac x2, Barracks Reactor  
  71  7:12  Barracks Reactor  
  71  7:13  Marine x2  
  71  7:14  Marine x2  
  73  7:18  SCV  
  73  7:22  Supply Depot x2  
  74  7:26  Barracks  
  74  7:27  Barracks  
  74  7:29  Barracks  
  74  7:30  Terran Vehicle Weapons Level 1  
  74  7:32  Missile Turret  
  74  7:33  Missile Turret x2  
  74  7:41  Medivac x2, Marine x4, SCV x3  
  85  7:47  Siege Tank  
  88  7:57  SCV  
  88  7:58  SCV x2  
  91  7:59  Marine x2  
  91  8:04  Supply Depot  
  91  8:05  Terran Infantry Weapons Level 2  
  93  8:07  Terran Infantry Armor Level 2  
  93  8:08  Supply Depot  
  93  8:09  Supply Depot  
  93  8:10  SCV x2  
  95  8:18  Marine  
  95  8:19  Marine x7, Siege Tank  
  106  8:36  Marine x3, Supply Depot  
  106  8:39  Marine x5  
  106  8:40  Medivac x2  
  118  8:42  Supply Depot  
  118  8:44  SCV  
  118  8:45  Refinery  
  118  8:47  Refinery, Barracks Reactor, Barracks Tech Lab  
  118  8:48  Barracks Tech Lab  
  119  8:53  Siege Tank  
  119  8:54  Marine x3  
  125  8:57  Marine x5  
  130  9:05  Supply Depot  
  130  9:06  Supply Depot  
  130  9:07  Supply Depot  
  130  9:09  SCV x2  
  132  9:12  Marine x3  
  132  9:14  Marine  
  132  9:15  Marauder x2  
  140  9:18  Marine x3  
  140  9:19  Marauder  
  145  9:29  Marine  
  145  9:30  Marine x2  
  148  9:32  Marine  
  148  9:37  Marauder x3  
  155  9:40  Marauder  
  155  9:45  Marine x4  
  156  9:47  Marine  
  156  9:48  Marine x2  
  156  9:50  Marine  
  164  9:56  Medivac  
  164  9:58  Marauder x3  
  172  10:03  Marine  
  173  10:09  Marine x3  
  173  10:11  Marine  
  172  10:26  Supply Depot  
  172  10:27  Supply Depot  
  172  10:28  Supply Depot x2  
  172  10:34  Marauder  
  173  10:39  Marauder, Medivac x2  
  173  10:40  Marauder  
  181  10:48  Marauder  
  183  10:52  Command Center, Marine x8  
  183  10:53  Siege Tank  
  183  10:56  Marauder  
  196  11:01  Marauder x2  
  200  11:17  Marauder, Marine x2  
  200  11:18  Marauder, Marine x6  
  193  11:22  Marauder x2  
  171  11:35  Marine x4  
  171  11:36  Marine x4  
  171  11:38  Marauder  
  171  11:39  Marauder  
  179  11:44  Marauder x2  
  179  11:53  Marine x5  
  182  12:00  Marauder  
  182  12:01  Marauder  
  186  12:04  Marine x3  
  186  12:05  Marauder x2  
  188  12:11  Marine x5  
Tags
 
Add a new tag
Caveats
  • Supply blocks, unpowered buildings, or Contaminate may cause inaccurate times.
  • Supply counts are checked every 10 seconds.